 Dungeon Crawl Stone Soup version 0.29.0-15-g675c0067aa (webtiles) character file.

Game seed: 10544029858536204300

2 qw the Sneak (level 1, -1/14 HPs)
             Began as a Gargoyle Delver on Sept 11, 2022.
             Slain by an orc
             ... wielding a +0 hand axe
              (3 damage)
             ... on level 5 of the Dungeon.
             The game lasted 00:00:01 (53 turns).

qw the Sneak (Gargoyle Delver)                        Turns: 53, Time: 00:00:02

Health: -1/14      AC:  5    Str: 15    XL:     1   Next: 40%
Magic:  1/1        EV: 11    Int: 10    God:
Gold:   0          SH:  0    Dex: 11    Spells: 0/0 levels left

rFire   . . .      SeeInvis .   a - +0 hand axe
rCold   . . .      Faith    .   (no shield)
rNeg    + . .      Spirit   .   b - +0 leather armour
rPois   inf        Reflect  .   (no helmet)
rElec   +          Harm     .   (no cloak)
rCorr   .          Rampage  .   (no gloves)
Will    .....                   (no boots)
Stlth   +++.......              (no amulet)
HPRegen 0.04/turn               (no ring)
MPRegen 0.07/turn               (no ring)

@: no status effects
A: sickness immunity, AC +2, negative energy resistance 1, electricity
resistance, torment resistance 1, petrification resistance
a: no special abilities


You were on level 5 of the Dungeon.
You visited 1 branch of the dungeon, and saw 1 of its levels.


Innate Abilities, Weirdness & Mutations

You are immune to sickness and miasma.
Your stone body is resilient. (AC +2)
You are immune to poison.
You resist negative energy. (rN+)
You are resistant to electric shocks. (rElec)
You are resistant to unholy torment.
You are immune to petrification.


   Skills:
 - Level 3.2 Fighting
 + Level 2.0 Axes
 - Level 1.5 Dodging
 - Level 5.4 Stealth


You couldn't memorise any spells.
You didn't know any spells.
Your spell library was empty.

Inventory:

Hand Weapons
 a - a +0 hand axe (weapon)
Armour
 b - a +0 leather armour (worn)
Wands
 g - a wand of digging (3)
Potions
 f - a potion of haste
 i - a potion of degeneration {unknown}

Dungeon Overview and Level Annotations

Branches:
Dungeon (5/15)
 Temple: D:4-7

Altars:


Message History

You hit the dart slug.
The dart slug is moderately wounded.
The dart slug bites you but does no damage.
You completely miss the dart slug.
The dart slug is moderately wounded.
An orc comes into view. It is wielding a +0 hand axe.
The dart slug bites you but does no damage.
You hit the dart slug.
The dart slug is almost dead.
The dart slug barely misses you.
You hit the dart slug.
You kill the dart slug!
The water moccasin bites you but does no damage.
Your Axes skill increases to level 2!
You hit the water moccasin.
The water moccasin is lightly wounded.
You completely miss the orc. The water moccasin bites you.
The orc closely misses you. The water moccasin closely misses you.
You barely miss the water moccasin.
The water moccasin is lightly wounded.
You closely miss the orc. The water moccasin barely misses you.
The orc barely misses you.
You closely miss the water moccasin.
The water moccasin is lightly wounded.
You barely miss the orc. You closely miss the orc.
The water moccasin bites you. The orc hits you but does no damage.
The orc barely misses you. The water moccasin closely misses you.
You barely miss the water moccasin.
The water moccasin is lightly wounded.
You hit the orc. x2
The water moccasin closely misses you. The orc hits you with a +0 club.
The orc closely misses you. The water moccasin bites you.
You hit the orc.
The orc is severely wounded.
You hit the orc. You hit the water moccasin. The orc closely misses you.
The orc hits you with a +0 hand axe. The water moccasin misses you.
The orc hits you but does no damage. The orc hits you with a +0 hand axe.
You die...

#........ #........
.[....<..
######.......#
##.............
.##~~~~..........
.....~...S..<...
#~~~~..@o......
##......o....(. ...
#............# #....#
#.....###+##.# #....#
#.....# # #....#
###?### #....### #.#
#......# #.# #....#.#
#.############....#.#


You could see a water moccasin and 2 orcs.

Vanquished Creatures
  A dart slug (D:5)
1 creature vanquished.

Notes
Turn   | Place    | Note
-------+----------+-------------------------------------------
     0 | D:5      | qw the Gargoyle Delver began the quest for the Orb.
     0 | D:5      | Reached XP level 1. HP: 14/14 MP: 1/1
     0 | D:5      | 0 ||| qw: Version: 0.1-a-118-gb4e7ce6
     0 | D:5      | 0 ||| qw: Game counter: 10398
     0 | D:5      | 0 ||| qw: Always use a shield: true
     0 | D:5      | 0 ||| qw: God list: Okawaru
     0 | D:5      | 0 ||| qw: Allow faded altars: false
     0 | D:5      | 0 ||| qw: Do Orc after D:15 true
     0 | D:5      | 0 ||| qw: Do second Lair branch before Depths: true
     0 | D:5      | 0 ||| qw: Lair rune preference: random
     0 | D:5      | 0 ||| qw: Plans: Normal
     0 | D:5      | 0 ||| PLANNING D:1-11
    35 | D:5      | 35 ||| DROPPING ring of wizardry.
    36 | D:5      | 36 ||| DROPPING scroll of fog.
    37 | D:5      | 37 ||| DROPPING scroll of magic mapping.
    38 | D:5      | 38 ||| DROPPING scroll of fear.
    44 | D:5      | Noticed a water moccasin
    53 | D:5      | HP: 2/14 [orc/+0 hand axe (4)]
    53 | D:5      | Slain by an orc

Levels and vault maps discovered:
D:5:      layout_basic, nicolae_ru_path_of_blood, mainiacjoe_overflow_two_lobes,
          serial_rivers, chequers_serial_rivers_micro_d,
          chequers_serial_rivers_micro_b, chequers_serial_rivers_room_b,
          chequers_serial_rivers_marsh, hangedman_feature_mirror

Skill      XL: |  1 |
---------------+----+-----
Axes           | 2 |  2.0
Fighting       | |  3.2
Dodging        | |  1.5
Stealth        | |  5.4

Action                   || total
-------------------------++-------
Melee: Hand axe          ||    10
Armor: Leather armour    ||     5
Dodge: Dodged            ||    13

Table legend:
 A = Non-vault XP
 B = Vault XP
 C = Vault XP percentage of total XP
 D = Non-vault monster count
 E = Vault monster count
 F = Vault count percentage of total count
                 A         B        C        D         E       F
            +---------+---------+-------+---------+---------+-------
      Total |       4 |       0 |   0.0 |       1 |       0 |   0.0
            +---------+---------+-------+---------+---------+-------
        D:5 |       4 |       0 |   0.0 |       1 |       0 |   0.0
            +---------+---------+-------+---------+---------+-------
